 Dungeon Crawl Stone Soup version 0.29.1-15-g9cfb28693d (webtiles) character file.

Game seed: 10812081699388409318

11 protoss039 the Digger (level 2, 20/20 HPs)
             Began as a Demonspawn Earth Elementalist on Mar 30, 2023.
             Got out of the dungeon alive.
             The game lasted 00:00:21 (378 turns).

protoss039 the Digger (DsEE)                         Turns: 378, Time: 00:00:22

Health: 20/20      AC:  2    Str:  8    XL:     2   Next: 13%
Magic:  5/5        EV: 12    Int: 16    God:
Gold:   17         SH:  0    Dex: 13    Spells: 4/5 levels left

rFire   . . .      SeeInvis .   d - +0 short sword
rCold   . . .      Faith    .   (no shield)
rNeg    . . .      Spirit   .   a - +0 robe
rPois   .          Reflect  .   (helmet restricted)
rElec   .          Harm     .   (no cloak)
rCorr   .          Rampage  .   (no gloves)
Will    .....                   (no boots)
Stlth   ++........              (no amulet)
HPRegen 0.06/turn               (no ring)
MPRegen 0.09/turn               (no ring)

@: no status effects
A: antennae 1
a: no special abilities


You escaped.
You visited 1 branch of the dungeon, and saw 1 of its levels.

You collected 17 gold pieces.

Inventory:

Hand Weapons
 d - a +0 short sword (weapon)
Armour
 a - a +0 robe (worn)
Potions
 b - a potion of magic
 c - a potion of curing {unknown}


   Skills:
 + Level 0.9 Fighting
 - Level 1.7 Dodging
 - Level 1.7 Stealth
 + Level 2.2 Spellcasting
 - Level 0.8 Transmutations
 + Level 2.9 Earth Magic


You had 4 spell levels left.
You knew the following spells:

 Your Spells              Type           Power      Damage    Failure   Level
a - Sandblast             Erth           22%        2d7       6%          1

Your spell library contained the following spells:

 Spells                   Type           Power      Damage    Failure   Level
 Passwall                 Tmut/Erth      5%         N/A       14%         2
 Shock                    Conj/Air       4%         1d3       21%         1
 Stone Arrow              Conj/Erth      12%        3d7       32%         3
 Swiftness                Air            1%         N/A       52%         3
 Petrify                  Tmut/Erth      7%         N/A       67%         4
 Airstrike                Air            0%         2d(1-17)  90%         4


Dungeon Overview and Level Annotations

Branches:
Dungeon (1/15) Zot: 5616

Altars:


Innate Abilities, Weirdness & Mutations

You have a pair of small antennae on your head.


Message History

The kobold throws a stone.
The stone hits you but does no damage.
A ball python comes into view.
The kobold throws a stone.
The stone misses you.
Casting: Sandblast (safe; 6% risk of failure)
Confirm with . or Enter, or press ? or * to list all spells.
Aiming: Sandblast (safe; 6% risk of failure)
Press: ? - help, Shift-Dir - straight line, f - kobold
Aim: a kobold, wielding a +0 short sword and quivering stones (77% to hit)
The blast of sand hits the kobold!
You kill the kobold!
Unknown command.
Casting: Sandblast (safe; 6% risk of failure)
Confirm with . or Enter, or press ? or * to list all spells.
Aiming: Sandblast (safe; 6% risk of failure)
Press: ? - help, Shift-Dir - straight line, f - you
Okay, then.
The ball python hisses angrily.
No target in view!
Casting: Sandblast (safe; 6% risk of failure)
Confirm with . or Enter, or press ? or * to list all spells.
Aiming: Sandblast (safe; 6% risk of failure)
Press: ? - help, Shift-Dir - straight line, f - you That would be overly suicidal.
Okay, then.
Unknown command.
Casting: Sandblast (safe; 6% risk of failure)
Confirm with . or Enter, or press ? or * to list all spells.
Aiming: Sandblast (safe; 6% risk of failure)
Press: ? - help, Shift-Dir - straight line, f - ball python
Aim: a ball python (80% to hit)
The blast of sand hits the ball python!
You kill the ball python!
Unknown command.
Things that are here:
a +0 whip; a kobold skeleton You enter the shallow water.
Moving in this stuff is going to be slow.
There is a staircase leading out of the dungeon here.
Are you sure you want to leave the Dungeon?
This will make you lose the game!
You have escaped!

♣♣♣♣♣♣
♣♣♣P♣.P♣♣♣♣♣♣ ≈
♣♣....♣..P...♣♣
≈≈
♣.♣.♣♣♣♣♣..@..♣♣
≈♣ ♣♣.♣♣
♣......♣ ♣.♣♣
♣.♣..♣♣♣ ♣♣.♣♣
♣♣..♣♣ ♣♣.♣
♣♣.♣♣ ♣♣♣..♣
♣..♣ ♣ ♣♣..♣♣♣
♣♣.♣ ♣♣ ♣♣.♣♣♣
♣.♣ .♣♣♣.♣♣
♣♣♣.♣


There were no monsters in sight!

Vanquished Creatures
  A dart slug (D:1)
  A ball python (D:1)
  A bat (D:1)
  5 kobolds (D:1)
8 creatures vanquished.

Notes
Turn   | Place    | Note
-------+----------+-------------------------------------------
     0 | D:1      | protoss039 the Demonspawn Earth Elementalist began the
                  | quest for the Orb.
     0 | D:1      | Reached XP level 1. HP: 13/13 MP: 3/3
   256 | D:1      | Gained mutation: You have a pair of small antennae on your
                  | head. [demonic ancestry]
   256 | D:1      | Reached XP level 2. HP: 19/20 MP: 1/5
   378 | D:$      | Got out of the dungeon alive.

Illustrated notes

Levels and vault maps discovered:
D:1:      kilobyte_arrival_exit_the_forest, layout_basic

Action                   || total
-------------------------++-------
Melee: Short sword       ||     4
 Cast: Sandblast         ||     7
Armor: Robe              ||     1
Dodge: Dodged            ||     2
